 Dungeon Crawl Stone Soup version 0.26-a0-852-g6321bf7485 (webtiles) character file.

Game seed: 16304939995032398220

16 pablito the Sneak (level 2, -3/15 HPs)
             Began as a Kobold Enchanter on Nov 21, 2020.
             Slain by a leopard gecko (4 damage)
             ... on level 1 of the Dungeon.
             The game lasted 00:02:48 (376 turns).

pablito the Sneak (Kobold Enchanter)                 Turns: 376, Time: 00:02:49

Health: -3/15      AC:  2    Str:  5    XL:     2   Next: 70%
Magic:  2/5        EV: 15    Int: 16    God:
Gold:   16         SH:  0    Dex: 15    Spells: 3/6 levels left

rFire    . . .     SeeInvis .   a - +1 dagger
rCold    . . .     Faith    .   (shield restricted)
rNeg     . . .     Spirit   .   b - +0 robe
rPois    .         Reflect  .   (no helmet)
rElec    .         Harm     .   (no cloak)
rCorr    .         Rampage  .   (no gloves)
MR       .....                  (no boots)
Stlth    ++++......             (no amulet)
HPRegen  0.05/turn              (no ring)
MPRegen  0.09/turn              (no ring)

@: no status effects
A: small, nightstalker 3
a: no special abilities


You were on level 1 of the Dungeon.
You visited 1 branch of the dungeon, and saw 1 of its levels.

You collected 16 gold pieces.

Inventory:

Hand Weapons
 a - a +1 dagger (weapon)
Armour
 b - a +0 robe (worn)
 c - a +0 buckler
 d - a +0 pair of gloves


   Skills:
 - Level 1.3 Short Blades
 - Level 2.4 Dodging
 + Level 4.4 Stealth
 + Level 2.5 Spellcasting
 + Level 3.2 Hexes


You had 3 spell levels left.
You knew the following spells:

 Your Spells              Type           Power        Failure   Level
a - Corona                Hex            ##.....      4%          1
b - Ensorcelled Hibernat  Hex/Ice        #.....       16%         2

Your spell library contained the following spells:

 Spells                   Type           Power        Failure   Level
 Confusing Touch          Hex            ##......     16%         3
 Tukima's Dance           Hex            ##......     16%         3
 Dazzling Flash           Conj/Hex       #.....       30%         3


Dungeon Overview and Level Annotations

Branches:
Dungeon (1/15)

Altars:


Innate Abilities, Weirdness & Mutations

You are small and have problems with some larger weapons.
You are completely attuned to the shadows.


Message History

You barely miss the jackal.
The jackal is severely wounded.
The giant cockroach bites you.
* * * LOW HITPOINT WARNING * * *
The jackal closely misses you. The giant cockroach misses you.
You hit the jackal.
The jackal is almost dead.
The jackal misses you.
The giant cockroach waves its antennae.
The giant cockroach closely misses you.
You hit the jackal.
You kill the jackal!
The giant cockroach closely misses you.
Things that are here:
a jackal corpse; a jackal corpse A leopard gecko comes into view.
The leopard gecko hisses angrily.
The giant cockroach misses you. The leopard gecko bites you.
You die...

##.#.# #....#
########## .....#
##........### #...l#
#.#......#..##
#.#@###..#....#...).
#.#B§##...#..#....##
#§†§§##....##.....#
###§###....##.....#
#§# #...#.###.### #§#
#..#..##..#
###§###.#...##.#####
#.....##....##......
.......#.....######.#


You could see a leopard gecko and a giant cockroach.

Vanquished Creatures
  2 dart slugs (D:1)
  A bat (D:1)
  2 hobgoblins (D:1)
  3 jackals (D:1)
  2 kobolds (D:1)
10 creatures vanquished.

Notes
Turn   | Place    | Note
-------+----------+-------------------------------------------
     0 | D:1      | pablito the Kobold Enchanter began the quest for the Orb.
     0 | D:1      | Reached XP level 1. HP: 10/10 MP: 3/3
   213 | D:1      | Reached XP level 2. HP: 12/15 MP: 3/5
   287 | D:1      | Learned a level 2 spell: Ensorcelled Hibernation
   370 | D:1      | HP: 1/15 [giant cockroach (1)]
   376 | D:1      | Slain by a leopard gecko

Illustrated notes

Levels and vault maps discovered:
D:1:      minmay_arrival_hallway, layout_loops_ring, hangedman_decor_slide_cut

Action                   || total
-------------------------++-------
Melee: Dagger            ||    73
 Cast: Corona            ||     8
       Ensorcelled Hiber ||     2
  Use: Scroll            ||     1
 Stab: Sleeping          ||     4
Armor: Robe              ||     9
Dodge: Dodged            ||    78

Table legend: (Time is in decaauts)
 A = Elapsed time spent in this place.
 B = Non-inter-level travel time spent in this place.
 C = Inter-level travel time spent in this place.
 D = Time resting spent in this place.
 E = Time spent auto-exploring this place.
 F = Levels seen in this place.
 G = Mean time per level.
                   A        B        C        D        E       F      G
               +--------+--------+--------+--------+--------+-----+--------+
         Total |    371 |    371 |      0 |    169 |     66 |   1 |  371.0 |
       Dungeon |    371 |    371 |      0 |    169 |     66 |   1 |  371.0 |
               +--------+--------+--------+--------+--------+-----+--------+

Top non-repeatable levels by time:
     D:1: 371 daAuts
